 Dungeon Crawl Stone Soup version 0.29-a0-994-gc5c9f59d18 (webtiles) character file.

Game seed: 6340664574630267138

35 frimble the Digger (level 3, -4/24 HPs)
             Began as a Demonspawn Earth Elementalist on Aug 3, 2022.
             Slain by Terence
             ... wielding a +0 mace
              (7 damage)
             ... on level 2 of the Dungeon.
             The game lasted 00:01:22 (1539 turns).

frimble the Digger (Demonspawn Earth Elementalist)  Turns: 1539, Time: 00:01:23

Health: -4/24      AC:  2    Str:  8    XL:     3   Next: 17%
Magic:  4/6        EV: 12    Int: 18    God:
Gold:   39         SH:  0    Dex: 13    Spells: 3/6 levels left

rFire   . . .      SeeInvis .   g - +0 short sword
rCold   . . .      Faith    .   (no shield)
rNeg    . . .      Spirit   .   a - +0 robe
rPois   .          Reflect  .   (no helmet)
rElec   .          Harm     .   (no cloak)
rCorr   .          Rampage  .   (no gloves)
Will    .....                   (no boots)
Stlth   ++........              (no amulet)
HPRegen 0.08/turn               (no ring)
MPRegen 0.10/turn               (no ring)

@: brilliant
A: ignite blood 1, spiny 1
a: no special abilities


You were on level 2 of the Dungeon.
You visited 1 branch of the dungeon, and saw 2 of its levels.

You collected 39 gold pieces.

Inventory:

Hand Weapons
 g - a +0 short sword (weapon)
Armour
 a - a +0 robe (worn)
Scrolls
 d - a scroll of amnesia {unknown}
 e - a scroll of immolation {unknown}
 h - a scroll of noise {unknown}
 i - a scroll of enchant armour {unknown}
 j - a scroll of teleportation {unknown}
Potions
 b - a potion of magic
 f - a potion of haste {unknown}


   Skills:
 - Level 1.8 Dodging
 - Level 1.8 Stealth
 - Level 2.0 Spellcasting
 + Level 2.0 Transmutations
 + Level 3.3 Earth Magic


You had 3 spell levels left.
You knew the following spells:

 Your Spells              Type           Power      Damage    Failure   Level
a - Sandblast             Erth           40%        2d10      4%          1
b - Passwall              Tmut/Erth      14%        N/A       9%          2

Your spell library contained the following spells:

 Spells                   Type           Power      Damage    Failure   Level
 Ensorcelled Hibernation  Hex/Ice        4%         N/A       26%         2
 Stone Arrow              Conj/Erth      22%        3d8       26%         3
 Swiftness                Air            2%         N/A       47%         3
 Petrify                  Tmut/Erth      17%        N/A       52%         4


Dungeon Overview and Level Annotations

Branches:
Dungeon (2/15)

Altars:

Annotations:
D:2 Terence


Innate Abilities, Weirdness & Mutations

Your demonic aura sometimes causes spilled blood to erupt in flames.
You are partially covered in sharp spines.


Message History

Terence is wielding a +0 mace and wearing a +0 scale mail of poison resistance.
Terence shouts!
The hobgoblin shouts!
A hobgoblin is nearby!
A hobgoblin is nearby!
Aiming: Sandblast (safe; 4% risk of failure)
Press: ? - help, Q - select action, (/) - cycle Shift-Dir - straight line, f - Terence
Aim: Terence, wielding a +0 mace and wearing a +0 scale mail of poison resistance (84% to hit)
The blast of sand hits Terence!
Terence is heavily wounded.
Terence barely misses you.
You hit Terence.
Terence is heavily wounded.
Terence hits you with a +0 mace.
You barely miss Terence.
Terence is heavily wounded.
Terence is struck by your spines. Terence hits you with a +0 mace. x2
You hit Terence.
Terence is severely wounded.
Terence closely misses you.
You barely miss Terence.
Terence is severely wounded.
Terence hits you with a +0 mace.
* * * LOW HITPOINT WARNING * * *
You aren't carrying any items that you can evoke.
Okay, then.
Okay, then.
It was a potion of brilliance.
You feel clever all of a sudden. Terence shouts, "Now you die!"
Terence hits you with a +0 mace.
* * * LOW HITPOINT WARNING * * *
A kobold comes into view. It is wielding a +0 club.
Aiming: Sandblast (safe; 4% risk of failure)
Press: ? - help, Q - select action, (/) - cycle Shift-Dir - straight line, f/p - Terence
Aim: Terence, wielding a +0 mace and wearing a +0 scale mail of poison resistance (severely wounded, 85% to hit)
You feel a surge of power!
The blast of sand hits Terence but does no damage.
Terence is severely wounded.
Terence hits you with a +0 mace!
You die...

######.#########
#.......<......#
#.##...#######..
#........#
#..#.###.# ......
#.#########
##..#.###...†.....#
#^..........####.#
#....######@# # .
#@#


.gK .#... #.#.##. . ..# .# .. ..# # #. ... You could see Terence, a hobgoblin
and a kobold.

Vanquished Creatures
  A dart slug (D:1)
  2 ball pythons (D:1)
  3 bats (D:1)
  2 endoplasms (D:1)
  3 giant cockroaches (D:1)
  3 goblins (D:1)
  A hobgoblin (D:1)
  2 jackals
  A kobold (D:1)
  4 quokkas
  3 frilled lizards (D:1)
  3 rats (D:1)
28 creatures vanquished.

Notes
Turn   | Place    | Note
-------+----------+-------------------------------------------
     0 | D:1      | frimble the Demonspawn Earth Elementalist began the quest
                  | for the Orb.
     0 | D:1      | Reached XP level 1. HP: 13/13 MP: 3/3
    72 | D:1      | Reached skill level 1 in Transmutations
   154 | D:2      | Gained mutation: You are partially covered in sharp spines.
                  | [demonic ancestry]
   154 | D:2      | Reached XP level 2. HP: 2/19 MP: 0/5
   437 | D:1      | Reached skill level 3 in Earth Magic
   728 | D:1      | Found a faded altar of an unknown god.
  1073 | D:1      | Gained mutation: Your demonic aura sometimes causes spilled
                  | blood to erupt in flames. [demonic ancestry]
  1073 | D:1      | Reached XP level 3. HP: 22/24 MP: 4/6
  1460 | D:1      | Learned a level 2 spell: Passwall
  1502 | D:2      | Noticed Terence
  1539 | D:2      | Slain by Terence

Illustrated notes

Levels and vault maps discovered:
D:1:      eino_arrival_tree_alley, layout_loops_cross,
          shapermc_ecumenical_altar_starsandcircs
D:2:      layout_loops_ring, uniq_terence, uniq_natasha, uniq_sigmund

Skill      XL: |  1  2  3 |
---------------+----------+-----
Transmutations | 1 2 |  2.0
Earth Magic    | 3 |  3.3
Dodging        | |  1.8
Stealth        | |  1.8
Spellcasting   | |  2.0

Action                   || total
-------------------------++-------
Melee: Unarmed           ||    44
       Short sword       ||    25
 Cast: Sandblast         ||    17
  Use: Potion            ||     1
 Stab: Sleeping          ||     2
Armor: Robe              ||    14
Dodge: Dodged            ||    57

Table legend: (Time is in decaauts)
 A = Elapsed time spent in this place.
 B = Non-inter-level travel time spent in this place.
 C = Inter-level travel time spent in this place.
 D = Time resting spent in this place.
 E = Time spent auto-exploring this place.
 F = Levels seen in this place.
 G = Mean time per level.
                   A        B        C        D        E       F      G
               +--------+--------+--------+--------+--------+-----+--------+
         Total |   1557 |   1521 |     36 |    281 |   1030 |   2 |  778.5 |
       Dungeon |   1557 |   1521 |     36 |    281 |   1030 |   2 |  778.5 |
               +--------+--------+--------+--------+--------+-----+--------+

Top non-repeatable levels by time:
     D:1: 1226 daAuts
     D:2: 330 daAuts
